 Dungeon Crawl Stone Soup version 0.20-a0-1116-gaa52201 (webtiles) character file.

30 HAL9000 the Chucker (level 3, -1/39 HPs)
             Began as an Ogre Hunter on May 7, 2017.
             Slain by a hobgoblin
             ... wielding a +0 club
              (6 damage)
             ... on level 1 of the Dungeon.
             The game lasted 00:02:11 (1541 turns).

HAL9000 the Chucker (Ogre Hunter)                   Turns: 1541, Time: 00:02:12

Health: -1/39      AC:  3    Str: 16    XL:     3   Next: 20%
Magic:  3/3        EV: 10    Int: 12    God:
Gold:   105        SH:  0    Dex: 10    Spells: 2/2 levels left

rFire    x . .     SeeInvis .   l - +0 mace
rCold    + . .     Gourm    .   (no shield)
rNeg     . . .     Faith    .   b - +0 robe
rPois    .         Spirit   .   (helmet restricted)
rElec    .         Reflect  .   (no cloak)
rCorr    .         Harm     .   (gloves unavailable)
MR       .....                  (boots unavailable)
Stlth    +.........             p - amulet of magic regeneration
Regen    0.2/turn               q - ring of ice
MPRegen  0.2/turn               (no ring)

@: no status effects
A: unfitting armour, tough skin 1
a: no special abilities


You were on level 1 of the Dungeon.
You were not hungry.

You visited 1 branch of the dungeon, and saw 1 of its levels.

You collected 105 gold pieces.

Inventory:

Hand Weapons
 l - a +0 mace (weapon)
Missiles
 c - 4 large rocks (quivered)
 d - 2 throwing nets
Armour
 b - a +0 robe (worn)
Jewellery
 p - an amulet of magic regeneration (around neck)
 q - a ring of ice (left hand)
 r - a +2 ring of slaying {unknown}
Scrolls
 k - a scroll of magic mapping {unknown}
 n - a scroll of fear {unknown}
 o - a scroll of immolation {unknown}
Potions
 i - a potion of curing {unknown}
Comestibles
 f - a bread ration
 g - a meat ration
 j - a royal jelly
 s - a chunk of flesh


   Skills:
 - Level 3.9 Fighting
 + Level 1.5 Maces & Flails
 - Level 4.0 Throwing
 - Level 1.7 Dodging
 - Level 0.6 Stealth


You had 2 spell levels left.
You didn't know any spells.

Dungeon Overview and Level Annotations

Branches:
Dungeon (1/15)

Altars:


Innate Abilities, Weirdness & Mutations

You are too large for most types of armour.
You have tough skin. (AC +1)


Message History

You are too injured to fight recklessly!
Unknown command.
The hobgoblin hits you but does no damage.
There is an open door here.
You barely miss the hobgoblin.
The hobgoblin is heavily wounded.
The hobgoblin hits you with a club.
* * * LOW HITPOINT WARNING * * *
You closely miss the hobgoblin.
The hobgoblin is heavily wounded.
The hobgoblin hits you with a club.
* * * LOW HITPOINT WARNING * * *
Unknown command.
Throwing (i - inventory. (,) - cycle):
c - 5 large rocks (quivered)
Press: ? - help, Shift-Dir - straight line, f - hobgoblin
Aim: a hobgoblin, wielding a club (heavily wounded)
You throw a large rock.
The large rock barely misses the hobgoblin.
The hobgoblin misses you. The hobgoblin hits you with a club.
You die...

##...#.....................#.#.#.
...#.#..#....#.............#.#.#.
....#...#...#........###...#.#.#.
#..##.......#.......## ##..#.#.#.
#..#...#..##........## ##..#.#.#.
..#..##...#...####...###...#.#.#.
.#...#..#....##.†##........#.#.#.
......##.....#>##.#..........#.#.
..##.........###@##........#.#.#.
..#..##.##....#g##...###...#.#.##
#...#...#...........## ##..#.#...
....#.#...#..(......## ##..#.####
#....###...##........###...#.####
....#....#...#.............#....#
.##......#...............(.#.##.#
############################.##[#
##########.................#


You could see a hobgoblin.

Vanquished Creatures
  An ooze (D:1)
  A dart slug (D:1)
  A leopard gecko (D:1)
  2 bats (D:1)
  3 giant cockroaches (D:1)
  2 goblins (D:1)
  4 hobgoblins (D:1)
  2 kobolds (D:1)
  2 frilled lizards (D:1)
  2 rats (D:1)
20 creatures vanquished.

Notes
Turn   | Place    | Note
-------+----------+-------------------------------------------
     0 | D:1      | HAL9000 the Ogre Hunter began the quest for the Orb.
     0 | D:1      | Reached XP level 1. HP: 22/22 MP: 1/1
   344 | D:1      | Reached XP level 2. HP: 11/31 MP: 2/2
  1002 | D:1      | Reached skill level 1 in Maces & Flails
  1042 | D:1      | Reached XP level 3. HP: 23/39 MP: 3/3
  1541 | D:1      | Slain by a hobgoblin

Vault maps used:
D:1:      erik_arrival_cave_to_civilisation

Skill      XL: |  1  2 |
---------------+-------+-----
Fighting       | 3 |  3.9
Maces & Flails | 1 |  1.5
Throwing       | |  4.0
Dodging        | |  1.7
Stealth        | |  0.6

Action                   || total
-------------------------++-------
Melee: Short sword       ||    65
       Mace              ||    45
Throw: Large rock        ||     1
 Stab: Sleeping          ||     1
  Eat: Chunk             ||     2
Armor: Robe              ||    29
Dodge: Dodged            ||    73
